 Dungeon Crawl Stone Soup version 0.26-a0-597-gb535b0901c (webtiles) character file.

Game seed: 9104996939831732663

612 Lanoc the Digger (level 7, -5/36 HPs)
             Began as a Deep Elf Earth Elementalist on Sept 4, 2020.
             Killed from afar by an orc wizard (7 damage)
             ... with a magic dart
             ... on level 5 of the Dungeon.
             The game lasted 00:03:50 (2534 turns).

Lanoc the Digger (Deep Elf Earth Elementalist)      Turns: 2534, Time: 00:03:51

Health: -5/36      AC:  5    Str:  5    XL:     7   Next: 20%
Magic:  1/13       EV: 15    Int: 22    God:
Gold:   157        SH:  0    Dex: 15    Spells: 9/12 levels left

rFire    . . .     SeeInvis .   f - +0 long sword
rCold    . . .     Faith    .   (no shield)
rNeg     . . .     Spirit   .   c - +0 robe
rPois    .         Reflect  .   (no helmet)
rElec    .         Harm     .   (no cloak)
rCorr    .                      i - +2 pair of gloves
MR       .....                  (no boots)
Stlth    +++.......             (no amulet)
HPRegen  0.12/turn              d - ring of stealth
MPRegen  0.13/turn              (no ring)

@: lethally poisoned (-5 -> -6)
A: no striking features
a: no special abilities


You were on level 5 of the Dungeon.
You visited 1 branch of the dungeon, and saw 5 of its levels.

You collected 157 gold pieces.

Inventory:

Hand Weapons
 f - a +0 long sword (weapon)
Missiles
 b - 17 stones (quivered)
Armour
 c - a +0 robe (worn)
 i - a +2 pair of gloves (worn)
Jewellery
 d - a ring of stealth (left hand)
Scrolls
 a - a scroll of teleportation
 g - a scroll of fear
 o - a scroll of immolation {unknown}
 r - a scroll of magic mapping {unknown}
Potions
 h - a potion of degeneration {unknown}
 k - 2 potions of haste
 l - a potion of berserk rage {unknown}
 m - a potion of might {unknown}
 n - a potion of lignification
 p - 2 potions of invisibility
 q - a potion of flight


   Skills:
 + Level 5.8 Dodging
 - Level 2.4 Stealth
 - Level 3.0 Spellcasting
 - Level 1.1 Transmutations
 * Level 7.7 Earth Magic


You had 9 spell levels left.
You knew the following spells:

 Your Spells              Type           Power        Failure   Level
a - Sandblast             Erth           #####.       1%          1
b - Passwall              Tmut/Erth      ###.....     3%          2

Your spell library contained the following spells:

 Spells                   Type           Power        Failure   Level
 Stone Arrow              Conj/Erth      ###...       8%          3
 Summon Small Mammal      Summ           #...         12%         1
 Lee's Rapid Deconstruct  Erth           #####.....   14%         5
 Call Imp                 Summ           #.......     19%         2
 Petrify                  Tmut/Erth      ###.....     21%         4
 Call Canine Familiar     Summ           #.......     36%         3
 Summon Guardian Golem    Hex/Summ       #.......     36%         3
 Summon Ice Beast         Ice/Summ       #.......     77%         4
 Summon Lightning Spire   Summ/Air       #.......     77%         4


Dungeon Overview and Level Annotations

Branches:
Dungeon (5/15)
 Temple: D:4-7

Altars:
Cheibriados

Shops:
D:4 (

Annotations:
D:5 Sigmund


Message History

The orc wizard seems to speed up.
Casting: Sandblast (safe; 1% risk of failure)
Confirm with . or Enter, or press ? or * to list all spells.
Aiming: Sandblast (safe; 1% risk of failure)
Press: ? - help, Shift-Dir - straight line, f/p - bullfrog zombie
Aim: a bullfrog zombie (almost destroyed)
The blast of sand hits the bullfrog zombie!!
You destroy the bullfrog zombie!
b - 17 stones The orc wizard casts a spell at you.
The magic dart hits you.
* * * LOW HITPOINT WARNING * * *
Casting: Sandblast (safe; 1% risk of failure)
Confirm with . or Enter, or press ? or * to list all spells.
You can't see any susceptible monsters within range! (Use Z to cast anyway.)
* * * LOW HITPOINT WARNING * * *
You feel sick.
The orc wizard gestures at you while chanting.
The magic dart hits you!
You die...

.........
.......#
#......#
#......#
#......#
.##......#
.........#
.......@.#
.##...##.#
######)####
#.........+
#.........#
#.....o...#
#.........#
#...##...##
######...###


You could see an orc wizard (fast).

Vanquished Creatures
  2 ogres (D:5)
  2 scorpions (D:4)
  A howler monkey (D:4)
  A bullfrog zombie (D:5)
  3 hounds
  An orc wizard (D:5)
  2 worker ants
  5 adders
  2 oozes (D:3)
  An adder zombie (D:5)
  An adder skeleton (D:4)
  A worm (D:4)
  A dart slug (D:3)
  A leopard gecko (D:3)
  2 orcs
  2 ball pythons
  2 bats (D:3)
  5 goblins (D:3)
  4 hobgoblins
  2 jackals (D:3)
  6 quokkas
  3 frilled lizards
  A kobold (D:3)
51 creatures vanquished.

Notes
Turn   | Place    | Note
-------+----------+-------------------------------------------
     0 | D:1      | Lanoc the Deep Elf Earth Elementalist began the quest for
                  | the Orb.
     0 | D:1      | Reached XP level 1. HP: 10/10 MP: 6/6
   162 | D:3      | Reached XP level 2. HP: 8/15 MP: 4/8
   396 | D:3      | Reached skill level 4 in Earth Magic
   423 | D:3      | Found a snail-covered altar of Cheibriados.
   528 | D:3      | Reached XP level 3. HP: 13/19 MP: 7/9
  1067 | D:3      | Learned a level 2 spell: Passwall
  1412 | D:3      | Reached XP level 4. HP: 20/24 MP: 8/10
  1807 | D:4      | Reached skill level 5 in Earth Magic
  1864 | D:4      | Reached XP level 5. HP: 28/28 MP: 8/11
  1873 | D:4      | Found Ydae's Weapon Shoppe.
  1892 | D:4      | Reached skill level 6 in Earth Magic
  2046 | D:4      | Reached XP level 6. HP: 32/32 MP: 9/12
  2154 | D:4      | Reached skill level 5 in Dodging
  2443 | D:5      | Entered Level 5 of the Dungeon
  2443 | D:5      | Noticed Sigmund
  2501 | D:5      | Reached skill level 7 in Earth Magic
  2530 | D:5      | Reached XP level 7. HP: 5/36 MP: 4/13
  2534 | D:5      | Killed from afar by an orc wizard

Illustrated notes

Levels and vault maps discovered:
D:1:      dpeg_arrival_connections, layout_rooms, minmay_pentomino_z2
D:2:      layout_basic, uniq_terence, uniq_robin
D:3:      layout_loops_cross, cheibriados_altar_1
D:4:      layout_rooms, serial_shops, nicolae_shop_waterfront
D:5:      layout_gridville, old_standard_altar, basic_altar, corexii_shack,
          uniq_sigmund

Skill      XL: |  1  2  3  4  5  6 |
---------------+-------------------+-----
Dodging        | 3 4 5 |  5.8
Earth Magic    | 4 5 6 7 |  7.7
Stealth        | |  2.4
Spellcasting   | |  3.0
Transmutations | |  1.1

Action                   |  1- 3 |  4- 6 |  7- 9 || total
-------------------------+-------+-------+-------++-------
Melee: Unarmed           |     5 |       |       ||     5
       Long sword        |    68 |    40 |       ||   108
 Cast: Sandblast         |    11 |    32 |     4 ||    47
  Use: Scroll            |       |     5 |       ||     5
       Potion            |       |     2 |       ||     2
 Stab: Sleeping          |     6 |     3 |       ||     9
Armor: Robe              |    16 |    17 |       ||    33
Dodge: Dodged            |    66 |    75 |     1 ||   142
       Rpst.: Long sword |    25 |    18 |       ||    43

Table legend: (Time is in decaauts)
 A = Elapsed time spent in this place.
 B = Non-inter-level travel time spent in this place.
 C = Inter-level travel time spent in this place.
 D = Time resting spent in this place.
 E = Time spent auto-exploring this place.
 F = Levels seen in this place.
 G = Mean time per level.
                   A        B        C        D        E       F      G
               +--------+--------+--------+--------+--------+-----+--------+
         Total |   2557 |   2485 |     72 |    105 |   1929 |   5 |  511.4 |
       Dungeon |   2557 |   2485 |     72 |    105 |   1929 |   5 |  511.4 |
               +--------+--------+--------+--------+--------+-----+--------+

Top non-repeatable levels by time:
     D:3: 1675 daAuts
     D:4: 692 daAuts
     D:2: 134 daAuts
     D:5: 51 daAuts
     D:1: 3 daAuts
